 Dungeon Crawl Stone Soup version 0.30.1-3-gfc49f6343a (webtiles) character file.

Game seed: 7524492902291100660

68 Heoruswealwe the Conjurer (level 4, -8/24 HPs)
             Began as a Deep Elf Conjurer on Aug 2, 2023.
             Mangled by Crazy Yiuf
             ... wielding a +2 quarterstaff of chaos
              (16 damage)
             ... on level 3 of the Dungeon.
             The game lasted 00:20:31 (2082 turns).

Heoruswealwe the Conjurer (Deep Elf Conjurer)       Turns: 2082, Time: 00:20:32

Health: -8/24      AC:  3    Str:  4    XL:     4   Next: 1%
Magic:  0/12       EV: 12    Int: 25    God:
Gold:   153        SH:  0    Dex: 13    Spells: 2/12 levels left

rFire   . . .        (no weapon)
rCold   . . .        (no shield)
rNeg    + . .        c - +0 robe
rPois   +            (no helmet)
rElec   .            h - +0 cloak
rCorr   .            (no gloves)
SInv    .            (no boots)
Will    .....        (no amulet)
Stlth   ++           k - ring of positive energy
HPRegen 0.24/turn    j - ring of poison resistance
MPRegen 0.13/turn

%: no passive effects
@: no status effects
A: no striking features
a: no special abilities


You were on level 3 of the Dungeon.
You visited 1 branch of the dungeon, and saw 3 of its levels.

You collected 153 gold pieces.

Inventory:

Armour
 c - a +0 robe (worn)
 h - a +0 cloak (worn)
Magical Staves
 q - a staff of earth
Jewellery
 j - a ring of poison resistance (right hand)
 k - a ring of positive energy (left hand)
Scrolls
 d - a scroll of noise {unknown}
 e - a scroll of enchant armour {unknown}
 f - 3 scrolls of immolation {unknown}
 l - a scroll of teleportation {unknown}
 n - a scroll of amnesia {unknown}
 o - a scroll of blinking {unknown}
 p - 5 scrolls of identify {unknown}
 r - a scroll of enchant weapon {unknown}
Potions
 a - 2 potions of heal wounds {unknown}
 b - a potion of magic
 g - 2 potions of attraction {unknown}
 i - a potion of might {unknown}
 m - 2 potions of invisibility {unknown}
 s - a potion of brilliance {unknown}


   Skills:
 - Level 2.4 Dodging
 - Level 2.4 Stealth
 + Level 4.6 Spellcasting
 + Level 5.3 Conjurations


You had 2 spell levels left.
You knew the following spells:

 Your Spells              Type           Power      Damage    Failure   Level
a - Magic Dart            Conj           100%       1d8       1%          1
b - Searing Ray           Conj           64%        2d6       1%          2
c - Dazzling Flash        Conj/Hex       38%        N/A       9%          3
d - Fulminant Prism       Conj/Hex       9%         3d6       28%         4

Your spell library contained the following spells:

 Spells                   Type           Power      Damage    Failure   Level
 Ozocubu's Armour         Ice            5%         N/A       26%         3
 Iskenderun's Mystic Bla  Conj/Tloc      19%        2d6       28%         4
 Metabolic Englaciation   Hex/Ice        2%         N/A       93%         5
 Simulacrum               Ice/Necr       2%         N/A       100%        6


Dungeon Overview and Level Annotations

Branches:
Dungeon (3/15)

Altars:
Dithmenos
Fedhas
Trog

Annotations:
D:3 Crazy Yiuf


Message History

The magic dart hits the rat.
The rat is moderately wounded.
The magic dart hits the rat!
You kill the rat!
s - an emerald potion A kobold comes into view.
It is wielding a +0 dagger.
The kobold shouts!
The magic dart hits the kobold but does no damage.
The kobold throws a stone.
The stone hits you.
The magic dart hits the kobold.
You kill the kobold!
You have reached level 4!
You feel clever.
This spell is astonishingly dangerous to cast!
Memorise Fulminant Prism, consuming 4 spell levels and leaving 2?
You start memorising the spell.
You continue memorising. x4
HP restored.
You finish memorising.
Spell assigned to 'd'.
Okay, then.
Things that are here:
a +0 dagger; 2 stones
Found a hammer.
Found a runed translucent door.
Crazy Yiuf shouts!
You open the door.
Casting: Magic Dart (safe; 1% risk of failure)
Confirm with . or Enter, or press ? or * to list all spells.
Aiming: Searing Ray (safe; 1% risk of failure)
Press: ? - help, Shift-Dir - straight line, f - Crazy Yiuf
Aim: Crazy Yiuf, wielding a +2 quarterstaff of chaos and wearing a +1 cloak of preservation (83% to hit)
The searing ray hits Crazy Yiuf.
Crazy Yiuf is lightly wounded. (Press . to maintain the ray.) Crazy Yiuf hits you with a +2 quarterstaff of chaos!
Ouch! That really hurt!
You feel your power leaking away.
The searing ray hits Crazy Yiuf but does no damage.
Crazy Yiuf is lightly wounded.
Crazy Yiuf hits you with a +2 quarterstaff of chaos!
Ouch! That really hurt!
You die...

.#.# #..###... .###..#
...####........ .......
.........###### . .......
.#.####### ......... .#.###
#..###... .#.#.# .........
.#.#.#####♣♣ ### .........
.###.......♣♣ ♣♣#..)#
......... .#
#.#......♣♣♣♣@g...# ######.#
.# #.##......♣..♣#...# #.#
.###.###....♣.♣♣♣ ### #.#
....)...##♣♣♣♣♣ #.#
.###.#### .. #.#
........################.# #
#..
.###.####.................
...... .# #.#
#.#.###......###.#.######
.###.####.#.###.##.......#.#


You could see Crazy Yiuf.

Vanquished Creatures
  A gnoll (D:1)
  An adder (D:3)
  2 dart slugs
  2 orcs (D:3)
  5 ball pythons
  4 bats
  2 endoplasms
  2 giant cockroaches (D:3)
  3 goblins
  A hobgoblin (D:2)
  3 quokkas
  3 frilled lizards
  6 kobolds
  6 rats
41 creatures vanquished.

Notes
Turn   | Place    | Note
-------+----------+-------------------------------------------
     0 | D:1      | Heoruswealwe the Deep Elf Conjurer began the quest for the
                  | Orb.
     0 | D:1      | Reached XP level 1. HP: 10/10 MP: 6/6
   135 | D:1      | Reached XP level 2. HP: 15/15 MP: 0/8
   138 | D:1      | Learned a level 2 spell: Searing Ray
   671 | D:2      | Found a blossoming altar of Fedhas.
   752 | D:2      | Reached skill level 5 in Conjurations
   752 | D:2      | Reached XP level 3. HP: 19/19 MP: 7/10
   756 | D:2      | Learned a level 3 spell: Dazzling Flash
  1038 | D:2      | Found a faded altar of an unknown god.
  1816 | D:3      | Found a bloodstained altar of Trog.
  1852 | D:3      | Found a shadowy altar of Dithmenos.
  2034 | D:3      | Reached XP level 4. HP: 22/24 MP: 9/12
  2039 | D:3      | Learned a level 4 spell: Fulminant Prism
  2076 | D:3      | Found a runed translucent door.
  2077 | D:3      | Noticed Crazy Yiuf
  2082 | D:3      | Mangled by Crazy Yiuf

Illustrated notes

Levels and vault maps discovered:
D:1:      psy_arrival_dodecagon, layout_rooms
D:2:      layout_basic, basic_altar, shapermc_ecumenical_altar_mp_urbaneastern
D:3:      layout_basic, lemuel_doored_altar, overflow_temple_1_default,
          uniq_crazy_yiuf_cottage

Skill      XL: |  1  2 |
---------------+-------+-----
Spellcasting   | 4 |  4.6
Conjurations   | 5 |  5.3
Dodging        | |  2.4
Stealth        | |  2.4

Action                     |  1- 3 |  4- 6 || total
---------------------------+-------+-------++-------
  Melee: Unarmed           |    15 |       ||    15
         Punch             |     2 |       ||     2
   Cast: Magic Dart        |    77 |       ||    77
         Searing Ray       |       |     1 ||     1
    Use: Scroll            |     1 |       ||     1
 Armour: Robe              |     1 |       ||     1
  Dodge: Dodged            |    10 |       ||    10
